 Dungeon Crawl Stone Soup version 0.29.0-4-gdea44cf6ec (webtiles) character file.

Game seed: 1111522771028847610

48 qw the Chopper (level 3, 0/21 HPs)
             Began as a Tengu Warper on Aug 28, 2022.
             Succumbed to their own poison gas
             ... on level 2 of the Dungeon.
             The game lasted 00:00:09 (1970 turns).

qw the Chopper (Tengu Warper)                       Turns: 1970, Time: 00:00:10

Health: 0/21       AC:  6    Str: 13    XL:     3   Next: 72%
Magic:  7/7        EV: 11    Int: 13    God:
Gold:   134        SH:  0    Dex: 13    Spells: 6/6 levels left

rFire   . . .      SeeInvis .   Y - +0 hand axe
rCold   . . .      Faith    .   (no shield)
rNeg    . . .      Spirit   .   h - +0 ring mail
rPois   .          Reflect  .   (helmet restricted)
rElec   .          Harm     .   (no cloak)
rCorr   .          Rampage  .   g - +0 pair of gloves
Will    .....                   (boots unavailable)
Stlth   +.........              (no amulet)
HPRegen 0.07/turn               (no ring)
MPRegen 0.10/turn               (no ring)

@: lethally poisoned (0 -> -1)
A: beak, talons 3
a: no special abilities


You were on level 2 of the Dungeon.
You visited 1 branch of the dungeon, and saw 2 of its levels.

You collected 134 gold pieces.


Innate Abilities, Weirdness & Mutations

You have a beak for a mouth.
You have claws for feet.


   Skills:
 - Level 2.0 Fighting
 + Level 4.3 Axes
 - Level 1.0 Throwing
 - Level 1.1 Armour
 - Level 2.1 Dodging
 - Level 2.0 Spellcasting
 - Level 2.4 Translocations


You had 6 spell levels left.
You didn't know any spells.
Your spell library contained the following spells:

 Spells                   Type           Power      Damage    Failure   Level
 Blink                    Tloc           14%        N/A       30%         2
 Gell's Gravitas          Tloc           7%         N/A       52%         3
 Lesser Beckoning         Tloc           7%         N/A       52%         3
 Teleport Other           Tloc           7%         N/A       52%         3
 Manifold Assault         Tloc           7%         N/A       99%         5

Inventory:

Hand Weapons
 a - a +1 morningstar of holy wrath
 Y - a +0 hand axe (weapon)
Armour
 g - a +0 pair of gloves (worn)
 h - a +0 ring mail (worn)
Potions
 d - a potion of curing {unknown}
 e - a potion of heal wounds

Dungeon Overview and Level Annotations

Branches:
Dungeon (2/15)

Altars:


Message History

As you read the scroll labelled QEOKAISHOL, it crumbles to dust.
It is a scroll of enchant armour.
Really abort (and waste the scroll)?
Done exploring.
1959 ||| READING scroll labelled AXIS ENOWIECI.
This is a scroll of acquirement!
1959 ||| ACQUIRING +1 morningstar of holy wrath Something appears before you!
a - a +1 morningstar of holy wrath
Things that are here:
an amulet of magic regeneration; a +0 leather armour
1961 ||| DROPPING +0 whip.
You drop a +0 whip.
Done exploring.
(D) Dungeon
Where to? (* - list waypoints, Enter - D:2, ? - help)
What level of the Dungeon? (default 1, ? - help) Sorry, I don't know how to get there.
Done exploring.
1962 ||| Stepping randomly (stuck).
Really walk into that cloud of poison gas?
You are engulfed in poison gas.
You are poisoned.
You feel very sick.
1963 ||| Stepping ~*~*~tactically~*~*~ (cloud).
You feel very sick.
Things that are here:
a +0 whip; an amulet of magic regeneration; a +0 leather armour
There is a lethal amount of poison in your body!
You feel very sick.
There is a lethal amount of poison in your body!
You feel sick.
There is a lethal amount of poison in your body!
You feel sick.
There is a lethal amount of poison in your body!
You feel sick.
There is a lethal amount of poison in your body!
You feel sick.
There is a lethal amount of poison in your body!
You feel sick.
There is a lethal amount of poison in your body!
You die...

######.######.#
.....#.# #.#
.###.#.# #.#
.#.....######.#
.########.....#
..........#####
########..# ..#
#..########
########..#¤000.@#
..........#.####0#
########.##.# #0#
#......#.##.# #.#
#.####.#.##.# #¤#
#.# #.#.##.# #.#
#.# #.#.##.# #¤#
#.# #.#....# #.#
#.# #...##.# #.#


There were no monsters in sight!

Vanquished Creatures
  2 adders (D:2)
  2 dart slugs (D:2)
  2 endoplasms
  A giant cockroach (D:1)
  5 goblins (D:2)
  A hobgoblin (D:2)
  2 quokkas (D:2)
  A ball python (D:2)
  2 bats (D:2)
  2 frilled lizards
  4 kobolds
  2 rats (D:1)
26 creatures vanquished.

Notes
Turn   | Place    | Note
-------+----------+-------------------------------------------
     0 | D:1      | qw the Tengu Warper began the quest for the Orb.
     0 | D:1      | Reached XP level 1. HP: 12/12 MP: 4/4
     0 | D:1      | 0 ||| qw: Version: 0.1-a-89-g26bdef1
     0 | D:1      | 0 ||| qw: Game counter: 556
     0 | D:1      | 0 ||| qw: Always use a shield: true
     0 | D:1      | 0 ||| qw: God list: Okawaru
     0 | D:1      | 0 ||| qw: Allow faded altars: false
     0 | D:1      | 0 ||| qw: Do Orc after D:15 true
     0 | D:1      | 0 ||| qw: Do second Lair branch before Depths: true
     0 | D:1      | 0 ||| qw: Lair rune preference: random
     0 | D:1      | 0 ||| qw: Plans: Normal
     0 | D:1      | 0 ||| PLANNING D:1-11
   504 | D:1      | 504 ||| DRINKING 2 glowing dark potions.
   505 | D:1      | 505 ||| DROPPING scroll of blinking.
   561 | D:2      | Reached XP level 2. HP: 16/17 MP: 6/6
   585 | D:2      | Reached skill level 3 in Axes
   610 | D:2      | 610 ||| Stepping ~*~*~tactically~*~*~ (hiding).
   679 | D:2      | 679 ||| Stepping ~*~*~tactically~*~*~ (stealth).
  1026 | D:2      | Reached skill level 4 in Axes
  1026 | D:2      | Reached XP level 3. HP: 9/21 MP: 7/7
  1199 | D:2      | 1199 ||| Stepping ~*~*~tactically~*~*~ (stealth).
  1201 | D:2      | 1201 ||| Stepping ~*~*~tactically~*~*~ (stealth).
  1348 | D:2      | 1348 ||| Stepping ~*~*~tactically~*~*~ (hiding).
  1450 | D:2      | 1450 ||| Stepping ~*~*~tactically~*~*~ (hiding).
  1658 | D:2      | 1658 ||| Stepping ~*~*~tactically~*~*~ (stealth).
  1662 | D:2      | 1662 ||| Stepping ~*~*~tactically~*~*~ (stealth).
  1664 | D:2      | 1664 ||| Stepping ~*~*~tactically~*~*~ (stealth).
  1940 | D:2      | 1940 ||| UPGRADING to +0 pair of gloves.
  1945 | D:2      | 1945 ||| UPGRADING to +0 ring mail.
  1955 | D:2      | 1955 ||| DROPPING +0 leather armour.
  1956 | D:2      | 1956 ||| DROPPING amulet of magic regeneration.
  1957 | D:2      | 1957 ||| READING scroll labelled ERUDOW ORUIGUG.
  1958 | D:2      | 1958 ||| READING scroll labelled QEOKAISHOL.
  1959 | D:2      | 1959 ||| READING scroll labelled AXIS ENOWIECI.
  1959 | D:2      | Identified a scroll of acquirement
  1959 | D:2      | 1959 ||| ACQUIRING +1 morningstar of holy wrath
  1959 | D:2      | Acquired a +1 morningstar of holy wrath
  1961 | D:2      | 1961 ||| DROPPING +0 whip.
  1962 | D:2      | 1962 ||| Stepping randomly (stuck).
  1963 | D:2      | 1963 ||| Stepping ~*~*~tactically~*~*~ (cloud).
  1966 | D:2      | HP: 5/21 [poisoned by you (poison gas)]
  1968 | D:2      | HP: 2/21 [poisoned by you (poison gas)]
  1970 | D:2      | Succumbed to their own poison gas

Levels and vault maps discovered:
D:1:      nicolae_arrival_washed_ashore, layout_rooms
D:2:      layout_basic

Skill      XL: |  1  2 |
---------------+-------+-----
Axes           | 4 |  4.3
Fighting       | |  2.0
Throwing       | |  1.0
Armour         | |  1.1
Dodging        | |  2.1
Spellcasting   | |  2.0
Translocations | |  2.4

Action                   || total
-------------------------++-------
Melee: Hand axe          ||    54
       Kick              ||    13
       Peck              ||     7
Throw: Boomerang         ||     7
  Use: Potion            ||     1
       Scroll            ||     3
Armor: Leather armour    ||    14
Dodge: Dodged            ||    27

Table legend:
 A = Non-vault XP
 B = Vault XP
 C = Vault XP percentage of total XP
 D = Non-vault monster count
 E = Vault monster count
 F = Vault count percentage of total count
                 A         B        C        D         E       F
            +---------+---------+-------+---------+---------+-------
      Total |      69 |       0 |   0.0 |      26 |       0 |   0.0
            +---------+---------+-------+---------+---------+-------
        D:1 |       9 |       0 |   0.0 |       7 |       0 |   0.0
        D:2 |      60 |       0 |   0.0 |      19 |       0 |   0.0
            +---------+---------+-------+---------+---------+-------
